 Dungeon Crawl Stone Soup version 0.17.1-1-g73c8601 (webtiles) character file.

192 Mysteryquy the Chiller (level 5, -7/38 HPs)
             Began as a Draconian Ice Elementalist on Jan 9, 2016.
             Was an Initiate of Sif Muna.
             Mangled by a centaur skeleton (8 damage)
             ... on level 4 of the Dungeon.
             The game lasted 00:07:29 (4480 turns).

Mysteryquy the Chiller (Draconian Ice Elementalist) Turns: 4480, Time: 00:07:29

Health: -7/38      AC:  5    Str: 11    XL:     5   Next: 42%
Magic:  8/10       EV: 12    Int: 16    God:    Sif Muna [......]
Gold:   160        SH:  0    Dex: 11    Spells: 2 memorised, 8 levels left

rFire  . . .     SeeInvis .     x - staff of earth
rCold  . . .     Clarity  .     (armour unavailable)
rNeg   . . .     SustAt   .     (no shield)
rPois  .         Gourm    .     (helmet restricted)
rElec  .         Spirit   .     (no cloak)
rCorr  .         Warding  .     (no gloves)
rMut   .         Stasis   .     (no boots)
MR     .....                    (no amulet)
Stlth  ++........               (no ring)
                                (no ring)

@: not resistant to hostile enchantments, unstealthy
A: unfitting armour, cold-blooded, AC +5
a: Renounce Religion


You were on level 4 of the Dungeon.
You worshipped Sif Muna.
Sif Muna was noncommittal.
You were not hungry.

You visited 1 branch of the dungeon, and saw 4 of its levels.

You collected 160 gold pieces.

Inventory:

Magical Staves
 x - an uncursed staff of earth (weapon)
Jewellery
 u - an uncursed ring of poison resistance {unknown}
Scrolls
 e - 5 scrolls of identify {unknown}
 f - 2 scrolls of teleportation {unknown}
 g - 6 scrolls of remove curse {unknown}
 h - 2 scrolls of immolation {unknown}
 m - 2 scrolls of magic mapping {unknown}
 o - a scroll of amnesia {unknown}
 t - a scroll of noise {unknown}
 w - a scroll of fog {unknown}
Potions
 c - a potion of beneficial mutation {unknown}
 d - a potion of experience {unknown}
 i - a potion of degeneration {unknown}
 j - 2 potions of resistance {unknown}
 k - a potion of agility {unknown}
 l - a potion of cancellation {unknown}
 p - a potion of ambrosia {unknown}
 r - 2 potions of curing {unknown}
 s - a potion of brilliance {unknown}
 z - a potion of flight {unknown}
Books
 a - a book of Frost

   Spells                             Type                      Level
   a - Freeze                         Ice                          1
   b - Throw Frost                    Conjuration/Ice              2
   c - Ozocubu's Armour               Charms/Ice                   3
   d - Throw Icicle                   Conjuration/Ice              4
   e - Summon Ice Beast               Ice/Summoning                4
   f - Condensation Shield            Ice                          4
Comestibles
 b - 3 bread rations
 n - a royal jelly
 q - 2 meat rations


   Skills:
 - Level 1.7 Dodging
 - Level 1.7 Stealth
 * Level 3.8 Spellcasting
 + Level 1.4 Conjurations
 + Level 4.8 Ice Magic


You had 8 spell levels left.
You knew the following spells:

 Your Spells              Type           Power        Failure   Level  Hunger
a - Freeze                Ice            ###.         2%          1    None
b - Throw Frost           Conj/Ice       ##....       10%         2    ##.....


Dungeon Overview and Level Annotations

Branches:
Dungeon (4/15)             Temple (0/1) D:4

Altars:
Fedhas
Qazlal
Sif Muna


Innate Abilities, Weirdness & Mutations

Your plain brown scales are hard (AC +5).
Your body does not fit into most forms of armour.
You are cold-blooded and may be slowed by cold attacks.


Message History

You hit the centaur skeleton. The centaur skeleton misses you.
The centaur skeleton hits you!
You hit the centaur skeleton. The centaur skeleton hits you.
You hit the centaur skeleton but do no damage.
The centaur skeleton hits you.
* * * LOW HITPOINT WARNING * * *
The centaur skeleton hits you.
* * * LOW HITPOINT WARNING * * *
The centaur skeleton barely misses you. The centaur skeleton misses you.
The centaur skeleton hits you.
* * * LOW HITPOINT WARNING * * *
Casting: Freeze
Confirm with . or Enter, or press ? or * to list all spells.
Aiming: Throw Frost
Press: ? - help, Shift-Dir - straight line, f - centaur skeleton
Aim: a centaur skeleton The puff of frost hits the centaur skeleton.
The centaur skeleton resists.
The centaur skeleton hits you!
You die...

#........#
#.......############
##......###....#≈#≈##
##..#.###......#§#§#
##.Z.###.....^§_#.#
##...##.......#.#.##
#...##........^.≈..##
##..................#
#.#......Z@..P.....# ######
###.....Z....P.PP.####.....
#..........P_PP..........
##........PPPPP..........
#..........PP##.......##
##################...##
###.# #.# ..#


You could see an adder skeleton and a centaur skeleton.

Vanquished Creatures
  A hound (D:4)
  A hound skeleton (D:4)
  3 gnolls (D:2)
  4 adders
  An adder skeleton (D:4)
  3 worms
  4 giant geckos
  5 giant cockroaches
  8 hobgoblins
  5 jackals
  6 kobolds
  3 quokkas
  A ball python (D:3)
  9 bats
  A giant gecko skeleton (D:4)
  3 giant newts
  5 goblins
  11 rats
74 creatures vanquished.

Notes
Turn   | Place    | Note
--------------------------------------------------------------
     0 | D:1      | Mysteryquy the Draconian Ice Elementalist began the quest for the Orb.
     0 | D:1      | Reached XP level 1. HP: 14/14 MP: 3/3
   276 | D:1      | Reached XP level 2. HP: 20/20 MP: 1/5
  1132 | D:2      | Reached XP level 3. HP: 18/26 MP: 0/7
  1419 | D:2      | Reached skill level 4 in Ice Magic
  1491 | D:2      | Learned a level 2 spell: Throw Frost
  2049 | D:2      | Reached XP level 4. HP: 15/33 MP: 1/8
  3229 | D:3      | Found a deep blue altar of Sif Muna.
  3708 | D:3      | Became a worshipper of Sif Muna the Loreminder
  4162 | D:4      | Reached XP level 5. HP: 38/38 MP: 4/10
  4220 | D:4      | Found a staircase to the Ecumenical Temple.
  4292 | D:4      | Found a stormy altar of Qazlal.
  4293 | D:4      | Found a blossoming altar of Fedhas.
  4478 | D:4      | HP: 1/38 [centaur skeleton (3)]
  4480 | D:4      | Mangled by a centaur skeleton

Action                   |  1- 3 |  4- 6 || total
-------------------------+-------+-------++-------
Melee: Unarmed           |    46 |    22 ||    68
       Staff             |       |    24 ||    24
 Cast: Freeze            |    71 |    64 ||   135
       Throw Frost       |     2 |     1 ||     3
  Eat: Chunk             |     4 |     8 ||    12
